Map: [ESL] Gresvan

Players

Hellraiser - Winner!

  • Race: Protoss Protoss
  • Spawn Location: 5:00

MaNa

  • Race: Protoss Protoss
  • Spawn Location: 11:00

Event: ESL SC2 Masters 2023 Summer (Regionals)

VOD

Have the link to the VOD?

Description

Time

  • Played on: May 4, 2023, 12:26 p.m.
  • Length: 11:05

All games in this series

Show
View Real Time Build Order
Export as new Build Order

Hellraiser Protoss - Winner!

Build Orders: Phoenix Opening 

Get SALT Encoding   

  12  0:00  Probe  
  13  0:12  Probe  
  14  0:17  Pylon  
  14  0:24  Probe (Chrono Boost)  
  15  0:36  Probe (Chrono Boost)  
  15  0:37  Gateway  
  16  0:43  Probe (Chrono Boost)  
  16  0:46  Assimilator  
  17  0:51  Probe  
  17  0:55  Assimilator  
  18  1:03  Probe (Chrono Boost)  
  19  1:08  Gateway  
  19  1:12  Probe (Chrono Boost)  
  19  1:17  Probe (Chrono Boost)  
  21  1:26  Cybernetics Core  
  21  1:29  Probe  
  22  1:38  Pylon  
  22  1:42  Probe  
  23  1:56  Probe  
  24  2:02  Sentry, Stalker  
  24  2:06  Warp Gate (Chrono Boost)  
  24  2:08  Probe  
  29  2:11  Pylon  
  29  2:26  Stalker  
  31  2:32  Stalker  
  31  2:33  Phoenix  
  33  2:51  Nexus  
  33  2:55  Probe  
  34  3:01  Shield Battery  
  34  3:07  Probe  
  34  3:10  Pylon  
  35  3:19  Probe  
  36  3:25  Robotics Facility  
  36  3:31  Probe  
  37  3:47  Probe  
  38  3:49  Stalker  
  38  3:50  Pylon, Stalker  
  42  3:59  Probe (Chrono Boost)  
  43  4:09  Probe (Chrono Boost)  
  45  4:10  Probe (Chrono Boost)  
  45  4:14  Observer  
  45  4:15  Stalker  
  45  4:16  Stalker  
  51  4:19  Pylon  
  51  4:20  Probe (Chrono Boost)  
  48  4:24  Probe (Chrono Boost)  
  47  4:32  Probe (Chrono Boost)  
  47  4:36  Probe (Chrono Boost)  
  49  4:40  Probe (Chrono Boost)  
  49  4:42  Probe (Chrono Boost)  
  49  4:45  Immortal  
  55  4:46  Probe, Sentry  
  55  4:51  Probe  
  59  4:58  Probe  
  60  5:05  Nexus  
  61  5:07  Probe  
  61  5:10  Probe  
  62  5:15  Twilight Council  
  62  5:19  Forge  
  62  5:26  Pylon  
  64  5:29  Immortal (Chrono Boost)  
  64  5:34  Probe  
  67  5:42  Blink (Chrono Boost)  
  67  5:44  Shield Battery  
  67  5:45  Immortal (Chrono Boost)  
  67  5:48  Probe x2  
  67  5:49  Protoss Ground Weapons Level 1 (Chrono Boost)  
  69  5:52  Pylon  
  69  5:55  Assimilator  
  69  6:00  Probe  
  69  6:01  Probe  
  72  6:05  Immortal (Chrono Boost)  
  75  6:12  Probe  
  75  6:13  Shield Battery  
  75  6:14  Probe  
  77  6:23  Probe  
  77  6:24  Probe  
  79  6:27  Probe  
  79  6:32  Gateway x2  
  80  6:34  Observer  
  80  6:35  Probe  
  80  6:36  Probe  
  80  6:37  Observer  
  80  6:39  Probe  
  84  6:42  Gateway  
  84  6:43  Gateway  
  84  6:47  Probe  
  84  6:53  Probe  
  86  6:55  Probe  
  86  6:57  Stalker x2  
  86  7:00  Shield Battery  
  90  7:05  Probe  
  90  7:07  Probe x2  
  87  7:17  Probe, Warp Prism (Chrono Boost)  
  87  7:19  Probe  
  87  7:21  Gateway x2  
  87  7:22  Stalker x2  
  95  7:26  Observer  
  95  7:33  Stalker x2  
  95  7:34  Charge (Chrono Boost)  
  95  7:36  Pylon x2  
  98  7:37  Pylon  
  98  7:48  Stalker  
  98  7:50  Assimilator  
  100  7:54  Stalker x3  
  100  7:56  Stalker  
  103  8:08  Stalker, Photon Cannon  
  105  8:14  Probe  
  106  8:20  Stalker x5  
  106  8:24  Stalker  
  106  8:26  Zealot  
  120  8:30  Protoss Ground Weapons Level 2 (Chrono Boost)  
  120  8:38  Probe x2  
  120  8:39  Probe  
  113  8:50  Probe x2  
  113  8:51  Probe  
  116  8:57  Nexus, Photon Cannon  
  116  9:00  Pylon  
  116  9:04  Stalker x3  
  122  9:17  Stalker  
  122  9:20  Stalker  
  122  9:21  Stalker x3, Pylon  
  132  9:33  Photon Cannon  
  132  9:37  Pylon  
  132  9:39  Stalker x2  
  132  9:42  Pylon  
  136  9:47  Probe  
  136  9:50  Stalker x2  
  136  9:52  Pylon  
  141  9:53  Pylon  
  141  10:12  Zealot x6  
  153  10:14  Zealot x2  
  157  10:24  Immortal (Chrono Boost)  
  157  10:26  Probe  
  157  10:28  Probe x2  
  154  10:37  Stalker x4  
  158  10:46  Probe  
  146  10:55  Stalker  
  146  10:56  Stalker x3  
Show
View Real Time Build Order
Export as new Build Order

MaNa Protoss 

Build Orders:  

Get SALT Encoding   

  12  0:00  Probe  
  13  0:12  Probe  
  14  0:18  Pylon  
  14  0:24  Probe (Chrono Boost)  
  15  0:37  Probe (Chrono Boost), Gateway  
  16  0:45  Probe (Chrono Boost)  
  16  0:47  Assimilator  
  17  0:51  Probe  
  18  1:03  Probe (Chrono Boost)  
  19  1:04  Assimilator  
  19  1:12  Gateway, Probe (Chrono Boost)  
  19  1:17  Probe (Chrono Boost)  
  20  1:25  Cybernetics Core  
  21  1:29  Probe  
  22  1:37  Pylon  
  22  1:41  Probe  
  23  1:55  Probe  
  24  2:02  Stalker, Warp Gate  
  24  2:05  Stalker  
  29  2:08  Probe  
  29  2:17  Pylon  
  29  2:27  Probe  
  30  2:35  Adept x2  
  34  2:39  Probe  
  34  2:51  Probe  
  35  3:02  Nexus  
  35  3:13  Adept x2  
  39  3:23  Pylon  
  39  3:35  Pylon  
  39  3:41  Probe (Chrono Boost)  
  39  3:43  Twilight Council  
  40  3:54  Stalker x2  
  40  3:55  Probe (Chrono Boost)  
  45  4:03  Probe  
  46  4:15  Probe  
  47  4:17  Stalker x2  
  49  4:27  Probe (Chrono Boost)  
  49  4:28  Probe (Chrono Boost)  
  49  4:29  Blink (Chrono Boost)  
  46  4:40  Probe x2 (Chrono Boost), Adept  
  46  4:42  Adept  
  51  4:46  Probe x2 (Chrono Boost)  
  53  4:53  Robotics Facility  
  53  4:56  Probe  
  53  4:57  Probe  
  55  5:01  Shield Battery  
  55  5:06  Stalker  
  57  5:10  Stalker  
  57  5:11  Probe  
  57  5:13  Probe  
  61  5:17  Pylon  
  61  5:22  Gateway  
  61  5:26  Probe  
  62  5:35  Probe, Stalker x2  
  67  5:37  Pylon  
  67  5:40  Pylon  
  67  5:41  Observer  
  68  5:56  Nexus  
  68  5:58  Stalker  
  68  6:01  Stalker  
  68  6:03  Observer  
  73  6:09  Gateway  
  73  6:13  Probe x2  
  75  6:21  Stalker x2  
  75  6:24  Stalker  
  81  6:26  Warp Prism (Chrono Boost)  
  83  6:34  Pylon  
  83  6:41  Probe x2  
  83  6:42  Shield Battery  
  83  6:45  Pylon  
  85  6:53  Probe  
  86  6:55  Probe  
  86  6:58  Immortal (Chrono Boost)  
  91  7:11  Probe, Sentry x3  
  91  7:12  Assimilator  
  94  7:18  Probe x2  
  94  7:20  Gateway, Observer  
  94  7:22  Gateway  
  96  7:23  Gateway  
  96  7:26  Probe  
  97  7:30  Probe x2  
  97  7:34  Immortal  
  103  7:38  Probe  
  103  7:39  Adept x2  
  103  7:42  Probe  
  109  7:47  Stalker x2  
  109  7:49  Probe  
  109  7:50  Probe  
  114  7:56  Pylon  
  114  8:03  Stalker  
  114  8:04  Stalker  
  112  8:06  Shield Battery  
  112  8:08  Probe x2  
  112  8:11  Pylon  
  114  8:13  Pylon  
  114  8:24  Stalker x4  
  114  8:26  Forge  
  121  8:41  Stalker x2  
  121  8:42  Zealot  
  121  8:43  Charge  
  121  8:44  Probe  
  121  8:47  Nexus  
  128  8:49  Pylon  
  128  8:59  Forge  
  128  9:02  Pylon  
  128  9:04  Photon Cannon, Protoss Ground Weapons Level 1 (Chrono Boost)  
  128  9:06  Photon Cannon  
  128  9:11  Probe  
  128  9:13  Assimilator  
  128  9:15  Photon Cannon  
  129  9:28  Stalker x4  
  137  9:32  Nexus  
  137  9:35  Probe  
  137  9:36  Assimilator  
  138  9:45  Observer  
  139  9:48  Probe x3  
  139  9:50  Pylon  
  142  9:55  Pylon  
  142  9:57  Zealot x3  
  148  10:06  Pylon  
  146  10:11  Stalker x2, Zealot x2  
  137  10:29  Zealot x3  
  137  10:34  Zealot x4  
  123  10:45  Probe  
  104  10:50  Zealot x3  
  86  11:00  Stalker x4  
Tags
 
Add a new tag
Caveats
  • Supply blocks, unpowered buildings, or Contaminate may cause inaccurate times.
  • Supply counts are checked every 10 seconds.